Construct Infanterie Kompanie
Selects Mechanized Battlegroup
Construct Panzergrenadier Kompanie
Pak 40 Anti-tank Gun Team
Construct Panzer Kompanie
Selects Wespe Self-propelled Artillery
Wespe Self-propelled Artillery
Selects Zeroing Artillery Barrage
Zeroing Artillery Barrage
Selects StuG Assault Group
Pak 40 Anti-tank Gun Team
Selects UNKNOWN (2160084)
Zeroing Artillery Barrage
Zeroing Artillery Barrage